 Dungeon Crawl Stone Soup version 0.32-a0-391-gce5c0aab1b (webtiles) character file.

Game seed: 8827800333820262051

295 cforsyth the Slasher (level 6, -5/48 HPs)
             Began as a Coglin Gladiator on Feb 20, 2024.
             Splashed by a jelly's acid (9 damage)
             ... on level 4 of the Dungeon.
             The game lasted 00:03:19 (1921 turns).

cforsyth the Slasher (Coglin Gladiator)             Turns: 1921, Time: 00:03:20

Health: -5/48      AC: -8    Str: 14    XL:     6   Next: 34%
Magic:  0/6        EV: 18    Int:  8    God:
Gold:   231        SH:  0    Dex: 17    Spells: 5/5 levels left

rFire   . . .        a - +0 long sword {Kulveer}
rCold   . . .        v - +0 short sword (speed) {Lisbeth}
rNeg    . . .        b - +0 leather armour
rPois   .            c - +0 helmet
rElec   .            (no cloak)
rCorr   .            (no gloves)
SInv    .            (no boots)
Will    .....        t - amulet of guardian spirit
Stlth   +            E - +5 ring of evasion
HPRegen 0.28/turn    (no ring)
MPRegen 0.10/turn

%: guardian spirit
@: corroded, revved, stiff-legged, very slow
A: off-hand wielding, slow wielding, warmup strikes, warmup strides
a: no special abilities


You were on level 4 of the Dungeon.
You visited 1 branch of the dungeon, and saw 4 of its levels.

You collected 231 gold pieces.


Innate Abilities, Weirdness & Mutations

You can wield a second weapon in your off-hand.
It takes a long time for you to wield or remove held weapons.
Your first few attacks do less damage.
Your first movements take longer.


   Skills:
 + Level 4.1 Fighting
 + Level 4.6 Long Blades
 - Level 1.7 Throwing
 + Level 4.2 Dodging


You had 5 spell levels left.
You didn't know any spells.
Your spell library contained the following spells:

 Spells                   Type           Power      Damage    Failure   Level
 Apportation              Tloc           0%         N/A       50%         1
 Kiss of Death            Conj/Necr      0%         2d5       50%         1
 Jinxbite                 Hex            0%         N/A       63%         2
 Lesser Beckoning         Tloc           0%         N/A       63%         2
 Confusing Touch          Hex            0%         N/A       86%         3
 Gell's Gravitas          Tloc           0%         N/A       86%         3
 Teleport Other           Tloc           0%         N/A       86%         3
 Dispel Undead            Necr           0%         3d6       99%         4
 Alistair's Intoxication  Alch           0%         N/A       100%        5

Inventory:

Hand Weapons
 a - a +0 long sword (weapon) {Kulveer}
 n - a +3 short sword {Gottfried}
 v - a +0 short sword of speed (worn) {Lisbeth}
Missiles
 d - 3 throwing nets (quivered) {=f}
 e - a javelin
Armour
 b - a +0 leather armour (worn)
 c - a +0 helmet (worn)
Jewellery
 t - an amulet of guardian spirit (around neck)
 C - a ring of ice
 E - a +5 ring of evasion (left grasper)
Wands
 w - a wand of flame (5)
Scrolls
 h - a scroll of noise {unknown}
 i - a scroll of silence {unknown}
 j - 2 scrolls of revelation {unknown}
 k - 3 scrolls of immolation {unknown}
 l - a scroll of enchant weapon {unknown}
 m - a scroll of poison {unknown}
 o - a scroll of fear {unknown}
 p - a scroll of vulnerability {unknown}
 q - a scroll of identify {unknown}
 r - a scroll of torment {unknown}
 u - a scroll of blinking {unknown}
 x - a scroll of teleportation {unknown}
Potions
 f - 2 potions of lignification {unknown}
 g - a potion of degeneration {unknown}
 s - a potion of curing {unknown}
 z - a potion of haste {unknown}
 A - a potion of ambrosia {unknown}

Dungeon Overview and Level Annotations

Branches:
Dungeon (4/15)
 Temple: D:4-7

Altars:

### ..###
######...
........# #####
####.J@#### .....
..........>#
.....
.####....#.# ###.
#....#.#
.####....#.######
#
.................
##
...........######
.######.
........#..####
........
.....(#........


You could see a jelly.


Message History

The acid corrodes you!
Your graspers burn!
The jelly is severely wounded.
You hit the jelly but do no damage.
Your graspers burn!
You hit the jelly but do no damage.
Your graspers burn!
The jelly is severely wounded.
You hit the jelly but do no damage.
Your graspers burn!
The jelly closely misses you.
You hit the jelly but do no damage. The acid corrodes you!
Your graspers burn!
The jelly is severely wounded.
You hit the jelly with your +0 long sword.
Your graspers burn!
* * * LOW HITPOINT WARNING * * *
The jelly hits you.
* * * LOW HITPOINT WARNING * * *
The acid corrodes you!
You are splashed with acid!
* * * LOW HITPOINT WARNING * * *
Unknown command.
You hit the jelly but do no damage.
Your graspers burn!
* * * LOW HITPOINT WARNING * * *
The jelly is almost dead.
You hit the jelly but do no damage.
Your graspers burn!
The jelly barely misses you.
Unknown command.
You hit the jelly but do no damage. The acid corrodes you!
Your graspers burn!
* * * LOW HITPOINT WARNING * * *
The jelly is almost dead.
You hit the jelly but do no damage.
Your graspers burn!
* * * LOW HITPOINT WARNING * * *
The jelly hits you.
You are splashed with acid!
You die...

Skill      XL: |  1  2  3  4  5 |
---------------+----------------+-----
Dodging        | 3 4 |  4.2
Fighting       | 3 4 |  4.1
Long Blades    | 4 |  4.6
Throwing       | |  1.7

Action                     |  1- 3 |  4- 6 || total
---------------------------+-------+-------++-------
  Melee: Long sword        |    77 |    67 ||   144
         Short sword       |    11 |    65 ||    76
   Stab: Sleeping          |     2 |     1 ||     3
 Armour: Leather armour    |    37 |    23 ||    60
  Dodge: Dodged            |    85 |    43 ||   128

Levels and vault maps discovered:
D:1:      saegor_arrival_miasma, layout_basic,
          shapermc_ecumenical_altar_notcrosses, minmay_pentomino_z4
D:2:      layout_loops_ring
D:3:      layout_basic, amcnicky_mini_rare_corridor_liquid, hex_medium,
          minmay_surrounded, uniq_crazy_yiuf_cottage
D:4:      layout_basic

Notes
Turn   | Place    | Note
-------+----------+-------------------------------------------
     0 | D:1      | cforsyth the Coglin Gladiator began the quest for the Orb.
     0 | D:1      | Reached XP level 1. HP: 16/16 MP: 1/1
    88 | D:1      | Reached XP level 2. HP: 21/22 MP: 2/2
   120 | D:1      | Reached skill level 3 in Dodging
   251 | D:1      | Reached XP level 3. HP: 28/28 MP: 3/3
   321 | D:1      | Found a faded altar of an unknown god.
   736 | D:2      | Reached XP level 4. HP: 26/34 MP: 4/4
   817 | D:2      | Reached skill level 3 in Fighting
  1308 | D:3      | Noticed a sky beast
  1325 | D:3      | Reached skill level 4 in Long Blades
  1325 | D:3      | Reached XP level 5. HP: 41/41 MP: 5/5
  1822 | D:4      | Noticed a phantom
  1833 | D:4      | Killed a phantom
  1834 | D:4      | Reached skill level 4 in Fighting
  1834 | D:4      | Reached skill level 4 in Dodging
  1834 | D:4      | Reached XP level 6. HP: 37/48 MP: 4/6
  1921 | D:4      | HP: 3/48 [acid (3)]
  1921 | D:4      | Splashed by a jelly's acid

Vanquished Creatures
  A phantom (D:4)
  A bombardier beetle (D:4)
  A hound (D:4)
  4 adders
  A ribbon worm (D:2)
  2 dart slugs
  4 orcs (D:3)
  3 ball pythons
  5 endoplasms
  3 giant cockroaches
  7 goblins
  6 hobgoblins
  3 jackals (D:2)
  4 quokkas
  4 bats
  5 frilled lizards
  8 kobolds
  4 rats
66 creatures vanquished.

Table legend: (Time is in decaauts)
 A = Elapsed time spent in this place.
 B = Non-inter-level travel time spent in this place.
 C = Inter-level travel time spent in this place.
 D = Time resting spent in this place.
 E = Time spent auto-exploring this place.
 F = Levels seen in this place.
 G = Mean time per level.
                   A        B        C        D        E       F      G
               +--------+--------+--------+--------+--------+-----+--------+
         Total |   2040 |   1987 |     53 |      0 |   1481 |   4 |  510.0 |
       Dungeon |   2040 |   1987 |     53 |      0 |   1481 |   4 |  510.0 |
               +--------+--------+--------+--------+--------+-----+--------+

Top non-repeatable levels by time:
     D:2: 672 daAuts
     D:1: 644 daAuts
     D:4: 474 daAuts
     D:3: 249 daAuts

Table legend:
 A = Non-vault XP
 B = Vault XP
 C = Vault XP percentage of total XP
 D = Non-vault monster count
 E = Vault monster count
 F = Vault count percentage of total count
                 A         B        C        D         E       F
            +---------+---------+-------+---------+---------+-------
      Total |     407 |      15 |   3.6 |      61 |       5 |   7.6
            +---------+---------+-------+---------+---------+-------
        D:1 |      47 |       2 |   4.1 |      17 |       1 |   5.6
        D:2 |      92 |       0 |   0.0 |      24 |       0 |   0.0
        D:3 |      41 |      13 |  24.1 |      10 |       4 |  28.6
        D:4 |     227 |       0 |   0.0 |      10 |       0 |   0.0
            +---------+---------+-------+---------+---------+-------
